[ AOE2 MATCH · #504628885 ]
UnrankedPortuguese vs Bengalis
Player's team · WIN
Rival team · LOSS
[ REPLAY ANALYSIS · EXTRACTED FROM THE RECORDED GAME ]
Feudal
10:34
Castle
14:10
Imperial
—
| APM avg | 60.4 |
| APM peak | 90 |
| eAPM avg | 21.8 |
| Villagers / military | 30 / 10 |
Focus
⚔️ 44.5% · 🌾 55.5%
Monk ×7 · Spearman ×3
Feudal
9:54
Castle
13:56
Imperial
—
| APM avg | 37.7 |
| APM peak | 85 |
| eAPM avg | 16.0 |
| Villagers / military | 25 / 9 |
Focus
⚔️ 38.7% · 🌾 61.3%
Monk ×7 · Armored Elephant ×2
Match map
Initial resources + every placement click. Lines = walls · curves = elevation contours. ◆ gold · ⬟ stone · ● berries · ✦ relic · ◌ wall gap
Your base· Open — 4t gap
Shoskid's base· Open — 1t gap
Smoothed initial terrain · ◌ = detected wall gap · hover for details
Inputs per minute
— twitch.tv/s0laf1d3 - - Shoskid
Build order — twitch.tv/s0laf1d3
73 actions detected in the replay
| 0:01 | Queue | Villager (Male) ×4 |
| 0:02 | Build | House |
| 0:03 | Build | House |
| 1:26 | Queue | Villager (Male) |
| 1:52 | Queue | Villager (Male) |
| 1:58 | Build | Lumber Camp |
| 2:20 | Queue | Villager (Male) |
| 2:51 | Queue | Villager (Male) |
| 3:00 | Queue | Villager (Male) |
| 3:34 | Build | House |
| 3:38 | Build | House |
| 3:47 | Queue | Villager (Male) |
| 3:54 | Queue | Villager (Male) |
| 4:39 | Queue | Villager (Male) |
| 4:40 | Queue | Villager (Male) |
| 4:53 | Queue | Villager (Male) |
| 5:42 | Queue | Villager (Male) |
| 5:51 | Build | Mill |
| 6:09 | Queue | Villager (Male) |
| 6:27 | Queue | Villager (Male) |
| 6:57 | Queue | Villager (Male) |
| 6:57 | Queue | Villager (Male) |
| 7:56 | Queue | Villager (Male) |
| 8:21 | Research | Feudal Age |
| 8:42 | Build | Mining Camp |
| 9:33 | Build | House |
| 10:13 | Research | Loom |
| 10:14 | Queue | Villager (Male) |
| 10:34 | Age | Feudal Age |
| 10:42 | Build | Market |
| 10:48 | Build | Blacksmith |
| 11:30 | Research | Castle Age |
| 11:30 | Research | Castle Age |
| 11:30 | Research | Castle Age |
| 11:43 | Research | Double-Bit Axe |
| 11:49 | Research | Horse Collar |
| 12:28 | Build | House |
| 13:20 | Build | Farm |
| 13:23 | Queue | Villager (Male) |
| 13:24 | Queue | Villager (Male) |
| 13:53 | Build | Barracks |
| 14:10 | Age | Castle Age |
| 14:11 | Build | Monastery |
| 14:13 | Build | Monastery |
| 14:19 | Research | Gold Mining |
| 14:19 | Research | Gold Mining |
| 14:45 | Build | Farm |
| 14:46 | Queue | Villager (Male) |
| 14:50 | Queue | Spearman |
| 14:56 | Queue | Monk |
| 14:57 | Queue | Villager (Male) |
| 15:02 | Research | Sanctity |
| 15:24 | Research | Atonement |
| 15:30 | Queue | Monk |
| 15:44 | Queue | Monk |
| 15:46 | Queue | Spearman |
| 15:47 | Queue | Villager (Male) |
| 16:02 | Research | Fervor |
| 16:04 | Queue | Monk |
| 16:05 | Queue | Villager (Male) |
| 16:08 | Build | Farm |
| 16:09 | Build | Farm |
| 16:11 | Build | Farm |
| 16:26 | Queue | Monk |
| 16:27 | Queue | Villager (Male) |
| 16:46 | Build | House |
| 17:03 | Queue | Villager (Male) |
| 17:13 | Queue | Monk |
| 17:13 | Queue | Villager (Male) |
| 17:15 | Queue | Spearman |
| 17:29 | Queue | Monk |
| 18:05 | Research | Devotion |
| 18:05 | Research | Devotion |
Build order — Shoskid
68 actions detected in the replay
| 0:01 | Queue | Villager (Male) |
| 0:01 | Queue | Villager (Male) |
| 0:02 | Queue | Villager (Male) |
| 0:02 | Queue | Villager (Male) |
| 0:02 | Queue | Villager (Male) |
| 0:04 | Build | House |
| 0:06 | Build | House |
| 1:32 | Queue | Villager (Male) |
| 1:56 | Build | Lumber Camp |
| 2:01 | Queue | Villager (Male) |
| 2:01 | Queue | Villager (Male) |
| 2:14 | Queue | Villager (Male) |
| 2:14 | Queue | Villager (Male) |
| 2:49 | Queue | Villager (Male) |
| 3:10 | Build | House |
| 3:17 | Queue | Villager (Male) |
| 3:17 | Queue | Villager (Male) |
| 3:17 | Queue | Villager (Male) |
| 3:50 | Queue | Villager (Male) |
| 4:01 | Build | Mill |
| 4:11 | Queue | Villager (Male) |
| 4:11 | Queue | Villager (Male) |
| 4:27 | Queue | Villager (Male) |
| 5:17 | Queue | Villager (Male) |
| 5:47 | Queue | Villager (Male) |
| 5:47 | Queue | Villager (Male) |
| 5:57 | Build | House |
| 6:00 | Build | Palisade Wall |
| 6:21 | Queue | Villager (Male) |
| 6:22 | Research | Loom |
| 6:48 | Build | Mining Camp |
| 7:41 | Build | Palisade Wall |
| 7:44 | Research | Feudal Age |
| 8:50 | Build | Palisade Wall |
| 8:52 | Build | Palisade Wall |
| 8:54 | Build | Palisade Wall |
| 9:10 | Build | Palisade Gate |
| 9:18 | Build | Palisade Wall |
| 9:54 | Age | Feudal Age |
| 9:56 | Build | Market |
| 10:04 | Build | Blacksmith |
| 10:11 | Queue | Villager (Male) |
| 10:32 | Build | House |
| 11:16 | Research | Castle Age |
| 13:27 | Research | Double-Bit Axe |
| 13:31 | Research | Gold Mining |
| 13:56 | Age | Castle Age |
| 14:00 | Build | Siege Workshop |
| 14:06 | Build | Monastery |
| 14:13 | Queue | Villager (Male) |
| 14:33 | Queue | Villager (Male) |
| 14:46 | Build | House |
| 14:52 | Build | Palisade Wall |
| 14:54 | Build | Palisade Wall |
| 14:57 | Queue | Monk |
| 14:58 | Queue | Armored Elephant |
| 15:07 | Build | Monastery |
| 15:09 | Build | House |
| 15:23 | Queue | Monk |
| 15:45 | Research | Sanctity |
| 15:58 | Queue | Armored Elephant |
| 16:02 | Build | House |
| 16:04 | Queue | Monk |
| 16:31 | Queue | Monk |
| 16:35 | Queue | Monk |
| 17:04 | Research | Atonement |
| 17:28 | Queue | Monk |
| 17:28 | Queue | Monk |
Match timeline
| 6:00 | Shoskid · wall_segment Palisade Wall x8 |
| 7:41 | Shoskid · wall_segment Palisade Wall x2 |
| 8:50 | Shoskid · wall_segment Palisade Wall x1 |
| 8:52 | Shoskid · wall_segment Palisade Wall x1 |
| 8:54 | Shoskid · wall_segment Palisade Wall x1 |
| 9:18 | Shoskid · wall_segment Palisade Wall x1 |
| 9:54 | Shoskid · age_up feudal |
| 10:34 | twitch.tv/s0laf1d3 · age_up feudal |
| 11:04 | Shoskid · first_market_sell 100 stone |
| 11:06 | Shoskid · first_market_buy 100 food |
| 13:53 | twitch.tv/s0laf1d3 · first_building Barracks |
| 13:56 | Shoskid · age_up castle |
| 14:00 | Shoskid · first_building Siege Workshop |
| 14:06 | Shoskid · first_building Monastery |
| 14:10 | twitch.tv/s0laf1d3 · age_up castle |
| 14:11 | twitch.tv/s0laf1d3 · first_building Monastery |
| 14:52 | Shoskid · wall_segment Palisade Wall x1 |
| 14:54 | Shoskid · wall_segment Palisade Wall x1 |
| 15:29 | twitch.tv/s0laf1d3 · first_market_sell 100 stone |
| 18:07 | Shoskid · resign |
[ AI ANALYSIS · 1 CREDIT ]
What really happened in this match?
Wolo.gg analyzes every decision: build order, eco, micro, common mistakes by bracket. Personalized analysis on WhatsApp or Discord in 30 seconds.
Civ guide
Portuguese
Perfil
twitch.tv/s0laf1d3